[Event "Team 45 45 League T94"]
[Site "Internet Chess Club"]
[Date "2022.10.18"]
[Round "2"]
[White "fireball"]
[Black "burlap"]
[Result "1-0"]
[WhiteElo "1627"]
[BlackElo "1419"]
[Opening "French: advance variation"]
[ECO "C02"]
[Time "22:00:18"]
[PlyCount "79"]
[TimeControl "2700+45"]

1. e4 e6 2. d4 d5 3. e5 c5 4. c3 Nc6 5. f4 Qb6 6. Nf3 Nge7 7. Bd3 cxd4 8. cxd4
Nb4 9. a3 Nxd3+ 10. Qxd3 Nc6 11. Nc3 Be7 12. b4 O-O 13. O-O Bd7 14. Be3 Rad8 15.
Rfc1 f5 16. Qe2 Rb8 17. Na4 Qd8 18. Nc5 Re8 19. Bd2 g6 20. b5 Nxd4 21. Nxd4 Bxc5
22. Rxc5 Qb6 23. Rac1 Rec8 24. Bb4 Rxc5 25. Rxc5 Qd8 26. g3 b6 27. Rc2 Rc8 28.
Rxc8 Qxc8 29. Qc2 Qxc2 30. Nxc2 Kf7 31. a4 a6 32. bxa6 Bc6 33. a7 Ba8 34. Nd4 h5
35. Nb5 d4 36. Nc7 Bc6 37. a8=Q Bxa8 38. Nxa8 Ke8 39. Nxb6 Kd8 40. Bd6 {Black
resigns} 1-0

[Event "Team 45 45 League T94"]
[Site "Internet Chess Club"]
[Date "2022.10.24"]
[Round "2"]
[White "jcule"]
[Black "vollmerj"]
[Result "1-0"]
[WhiteElo "1387"]
[BlackElo "1446"]
[Opening "King's Indian, 3.Nf3"]
[ECO "E61"]
[Time "16:30:22"]
[PlyCount "131"]
[TimeControl "2700+45"]

1. d4 Nf6 2. Nf3 g6 3. c4 Bg7 4. Nc3 O-O 5. Bg5 c6 6. e3 d5 7. Bd3 Nbd7 8. O-O
Re8 9. Bf4 dxc4 10. Bxc4 Nb6 11. Bb3 Nbd5 12. Bg3 Qa5 13. Qc2 Nxc3 14. bxc3 Nd5
15. Rac1 Bg4 16. Ne5 Be6 17. Nc4 Qd8 18. Ne5 Nc7 19. Bxe6 Nxe6 20. Qe4 Qd5 21.
Qxd5 cxd5 22. Nd3 Rec8 23. Rc2 Rc4 24. Rfc1 Rac8 25. Nb4 Rd8 26. f3 a5 27. Nd3
Rdc8 28. Nb2 R4c6 29. a4 Nxd4 30. exd4 Bxd4+ 31. Bf2 Bxc3 32. Nd1 d4 33. Nxc3
dxc3 34. Be1 Rc4 35. Rxc3 Rxc3 36. Rxc3 Rd8 37. Rb3 Rd4 38. Rxb7 Rxa4 39. Bc3 f6
40. Rxe7 Ra3 41. Bxf6 a4 42. Ra7 Ra2 43. Bd4 h5 44. Rg7+ Kf8 45. Rxg6 Rd2 46.
Bc5+ Kf7 47. Ra6 Rc2 48. Ra5 Kg6 49. Bf8 Rc4 50. h3 Kf7 51. Bc5 Kg6 52. Kf2 Kf7
53. g4 hxg4 54. hxg4 Ke6 55. Kg3 Kd5 56. Bf8+ Kc6 57. g5 Kb6 58. Ra8 Kb7 59. Rd8
Kc7 60. Rd1 Kb6 61. g6 Rc6 62. g7 Rg6+ 63. Kf2 a3 64. Rd6+ Rxd6 65. Bxd6 a2 66.
Be5 {Black resigns} 1-0

[Event "Team 45 45 League T94"]
[Site "Internet Chess Club"]
[Date "2022.10.20"]
[Round "2"]
[White "smsxman"]
[Black "Fulmar"]
[Result "0-1"]
[WhiteElo "1400"]
[BlackElo "1295"]
[Opening "French defense"]
[ECO "C00"]
[Time "20:00:13"]
[PlyCount "134"]
[TimeControl "2700+45"]

1. e4 e6 2. Nf3 d5 3. exd5 exd5 4. d4 Bd6 5. Nc3 c6 6. g3 Nf6 7. Bg2 O-O 8. O-O
Bf5 9. Nh4 Bd7 10. Be3 Na6 11. a3 Nc7 12. b4 Re8 13. Re1 Ne6 14. Nf5 Bf8 15. Nh4
g6 16. Qd2 Bg7 17. Ne2 Ng4 18. c3 Qf6 19. Nf3 Nxe3 20. fxe3 Bh6 21. Ne5 Re7 22.
Rf1 Qg7 23. Rf3 Ng5 24. Rf2 f6 25. Nxd7 Rxd7 26. Raf1 Rf8 27. Nf4 Re7 28. Qc1 b5
29. h4 Ne4 30. Bxe4 Rxe4 31. Ng2 Qe7 32. Rf3 f5 33. Qd2 Re8 34. Re1 a6 35. Kf2
Kg7 36. Qd3 Qd6 37. Qd2 Rg4 38. Nf4 Re4 39. Rg1 Qe7 40. Rg2 g5 41. hxg5 Bxg5 42.
Qd3 Bh6 43. Rh2 Bxf4 44. gxf4 Qf7 45. Rfh3 Qg6 46. Qf1 Kh8 47. Qh1 Re7 48. Rh6
Qg8 49. R2h4 Rxh4 50. Qxh4 Re6 51. Rh5 Qg6 52. Rg5 Qf6 53. Qg3 Re8 54. Qh4 Rf8
55. Qg3 Qf7 56. Qg2 Rg8 57. Kf3 h6 58. Rg3 Rxg3+ 59. Qxg3 Qh5+ 60. Kf2 Qg4 61.
Qxg4 fxg4 62. Kg3 h5 63. f5 Kg7 64. Kf4 Kf6 65. e4 dxe4 66. Kxe4 g3 67. Kf4 g2
{White resigns} 0-1

[Event "Team 45 45 League T94"]
[Site "Internet Chess Club"]
[Date "2022.10.22"]
[Round "2"]
[White "nosir"]
[Black "kabindra"]
[Result "1-0"]
[WhiteElo "1392"]
[BlackElo "1623"]
[Opening "Queen's pawn, Mason variation, Steinitz counter-gambit"]
[ECO "D00"]
[Time "12:00:24"]
[PlyCount "57"]
[TimeControl "2700+45"]

1. d4 d5 2. Bf4 c5 3. e3 cxd4 4. exd4 Nc6 5. c3 f6 6. Bd3 Be6 7. Na3 a6 8. Nf3
g5 9. Be3 Nh6 10. h3 Nf5 11. Nc2 Nxe3 12. Nxe3 Qd7 13. Qb3 O-O-O 14. O-O-O Qc7
15. Kb1 Na5 16. Qc2 Kb8 17. Qe2 Qb6 18. Rc1 Bf7 19. Rhd1 Rc8 20. c4 dxc4 21.
Nxc4 Nxc4 22. Bxc4 Bxc4 23. Rxc4 Rxc4 24. Qxc4 e6 25. Rd3 Be7 26. Re3 Rc8 27.
Qxe6 Bd6 28. Rb3 Bf4 29. Qxc8+ {Black resigns} 1-0

[Event "Team 45 45 League T94"]
[Site "Internet Chess Club"]
[Date "2022.10.23"]
[Round "2"]
[White "isolani"]
[Black "g8wrb"]
[Result "0-1"]
[WhiteElo "1250"]
[BlackElo "1309"]
[Opening "French: exchange variation"]
[ECO "C01"]
[Time "09:02:19"]
[PlyCount "59"]
[TimeControl "2700+45"]

1. d4 e6 2. e4 d5 3. exd5 exd5 4. Bd3 Bd6 5. Nf3 Nf6 6. Bg5 O-O 7. O-O Bg4 8. h3
Bh5 9. Nbd2 Nbd7 10. c4 c6 11. Qc2 h6 12. Bh4 Qc7 13. Rfe1 Rfe8 14. Rac1 Bf4 15.
b3 Qa5 16. g4 Nxg4 17. hxg4 Bxg4 18. Kg2 Bxf3+ 19. Nxf3 Bxc1 20. Rxc1 dxc4 21.
Bxc4 Nb6 22. b4 Qxb4 23. Bxf7+ Kxf7 24. Qh7 Nd5 25. Bg3 Re6 26. Ne5+ Rxe5 27.
Bxe5 Nf6 28. Qf5 Qe7 29. d5 Qd7 30. Qf4 {White resigns} 0-1

[Event "Team 45 45 League T94"]
[Site "Internet Chess Club"]
[Date "2022.10.23"]
[Round "2"]
[White "SeniorCitizen"]
[Black "NATYNL09"]
[Result "0-1"]
[WhiteElo "1260"]
[BlackElo "1164"]
[Opening "King's pawn game"]
[ECO "C21"]
[Time "12:11:50"]
[PlyCount "100"]
[TimeControl "2700+45"]

1. e4 e5 2. d4 Nc6 3. d5 Nb8 4. Nf3 d6 5. Be2 Nf6 6. Nc3 Bd7 7. O-O h6 8. h3 Be7
9. Be3 Na6 10. Bxa6 bxa6 11. Nh2 O-O 12. Re1 Rb8 13. Rb1 Qe8 14. Bxa7 Rb7 15.
Be3 Qb8 16. b3 Qc8 17. Qd2 Bb5 18. a4 Bd7 19. Qe2 Ne8 20. Qxa6 Rb8 21. Qe2 Ra8
22. f4 exf4 23. Bxf4 Bg5 24. Bxg5 hxg5 25. Rf1 c6 26. e5 dxe5 27. Qxe5 Bf5 28.
Qe3 Bxc2 29. Rb2 Bf5 30. Qxg5 Bd7 31. Rbb1 Nf6 32. Rxf6 Qd8 33. Rbf1 Ra6 34. Qg3
Qe7 35. R6f4 Qe5 36. Re1 Qd6 37. dxc6 Bxc6 38. Nb5 Qb8 39. Ng4 g5 40. Nh6+ Kh7
41. Qxg5 Bxb5 42. Qf5+ Rg6 43. Qxb5 Qxf4 44. Ng4 Rb8 45. Qd3 Kg7 46. Qc3+ Kg8
47. Ne5 Re6 48. g3 Qb4 49. Qf3 Qxe1+ 50. Kg2 Qxe5 {White resigns} 0-1

[Event "Team 45 45 League T94"]
[Site "Internet Chess Club"]
[Date "2022.10.21"]
[Round "2"]
[White "burlap"]
[Black "Electryon"]
[Result "1-0"]
[WhiteElo "1437"]
[BlackElo "1434"]
[Opening "Dutch"]
[ECO "A80"]
[Time "16:00:27"]
[PlyCount "65"]
[TimeControl "2700+45"]

1. d4 f5 2. Bf4 e6 3. e3 Nf6 4. Bd3 Bd6 5. Bxd6 cxd6 6. Nf3 b6 7. O-O Bb7 8.
Nbd2 O-O 9. Re1 Ne4 10. c3 d5 11. Qc2 Nc6 12. a3 Rc8 13. Ne5 Ne7 14. Bb5 Nc6 15.
Nxe4 fxe4 16. Bxc6 Bxc6 17. f4 d6 18. Nxc6 Rxc6 19. Qe2 Qh4 20. Qa6 Rc7 21. Rf1
Rcf7 22. Qe2 Rf6 23. Rf2 e5 24. Qb5 exf4 25. Qxd5+ Kh8 26. Qxe4 g5 27. Raf1 Kg7
28. exf4 Rxf4 29. Rxf4 gxf4 30. g3 Qg4 31. Qe7+ Rf7 32. Qxf7+ Kxf7 33. Rxf4+
{Black resigns} 1-0

[Event "Team 45 45 League T94"]
[Site "Internet Chess Club"]
[Date "2022.10.24"]
[Round "2"]
[White "BlueStorm"]
[Black "jjmolina1"]
[Result "1-0"]
[WhiteElo "1532"]
[BlackElo "1443"]
[Opening "Trompowsky attack (Ruth, Opocenský opening)"]
[ECO "A45"]
[Time "11:00:23"]
[PlyCount "105"]
[TimeControl "2700+45"]

1. d4 Nf6 2. Bg5 d6 3. Nd2 Bf5 4. Ngf3 Ne4 5. Nxe4 Bxe4 6. Nd2 Bg6 7. e4 f6 8.
Be3 e5 9. d5 c6 10. c4 Qa5 11. Bd3 c5 12. O-O Be7 13. Qb3 Qc7 14. Qb5+ Qd7 15.
Qxd7+ Nxd7 16. a4 Kf7 17. Be2 h5 18. f4 h4 19. f5 Bh5 20. Bxh5+ Rxh5 21. Rf3 b6
22. Rh3 a5 23. Nf3 Rah8 24. Bf2 Nf8 25. Rxh4 Rxh4 26. Nxh4 g5 27. Nf3 Ke8 28.
Ne1 Kd7 29. Nc2 Bd8 30. Na3 Bc7 31. Nb5 Kc8 32. Na7+ Kd7 33. Nc6 Rh7 34. Ra3 Bd8
35. g3 Ke8 36. Kg2 Rh6 37. h4 g4 38. Rb3 Nd7 39. Na7 Bc7 40. Nb5 Bb8 41. Nc3 Rh8
42. Nd1 Rg8 43. Ne3 Bc7 44. Rd3 Nf8 45. Rd1 Kf7 46. Rh1 Nh7 47. Nf1 Rg7 48. Be3
Kg8 49. h5 Ng5 50. Bxg5 Rxg5 51. Rh4 Kh7 52. Ne3 Kh6 53. Nxg4+ {Black resigns}
1-0

[Event "Team 45 45 League T94"]
[Site "Internet Chess Club"]
[Date "2022.10.21"]
[Round "2"]
[White "Constrictor"]
[Black "BrerRabbit"]
[Result "1/2-1/2"]
[WhiteElo "1447"]
[BlackElo "1334"]
[Opening "QGD Slav: 4.Nc3"]
[ECO "D15"]
[Time "19:07:17"]
[PlyCount "85"]
[TimeControl "2700+45"]

1. d4 d5 2. c4 c6 3. Nf3 Nf6 4. Nc3 a6 5. cxd5 cxd5 6. g3 Nc6 7. Bg2 h6 8. O-O
Bf5 9. Bf4 e6 10. Qb3 Ra7 11. Ne5 Bd6 12. Nxc6 bxc6 13. Bxd6 Qxd6 14. Qb6 Qc7
15. Qxc7 Rxc7 16. Na4 Nd7 17. Rac1 Ke7 18. Rc3 Rb8 19. b3 Kd6 20. Rfc1 Rb5 21.
Nc5 Nxc5 22. Rxc5 Rxc5 23. Rxc5 Rb7 24. Ra5 Rb6 25. Bf1 Kc7 26. e3 Kb7 27. Be2
Bg6 28. Kf1 f6 29. f4 Be8 30. Ke1 Bd7 31. Kd2 Bc8 32. Kc3 Kc7 33. b4 g6 34. Bd3
f5 35. Rc5 Kb7 36. h4 h5 37. a4 Kc7 38. Be2 Kd7 39. Bd3 Rb8 40. Ra5 Rb6 41. Rc5
Rb8 42. Ra5 Rb6 43. Rc5 {Game drawn by repetition} 1/2-1/2

[Event "Team 45 45 League T94"]
[Site "Internet Chess Club"]
[Date "2022.10.21"]
[Round "2"]
[White "stantheman59"]
[Black "oldbookseller"]
[Result "1-0"]
[WhiteElo "1130"]
[BlackElo "953"]
[Opening "Queen's pawn game"]
[ECO "D02"]
[Time "15:14:57"]
[PlyCount "35"]
[TimeControl "2700+45"]

1. d4 d5 2. Nf3 e6 3. Bf4 Be7 4. c3 Nf6 5. e3 O-O 6. h3 b6 7. Bd3 h6 8. Nbd2 Bb7
9. Nf1 Nbd7 10. N1h2 c5 11. Ng4 c4 12. Bb1 Re8 13. Qc2 Ne4 14. Nfe5 Rf8 15. f3
Bh4+ 16. Ke2 Ng3+ 17. Bxg3 Bxg3 18. Qh7# {Black checkmated} 1-0

[Event "Team 45 45 League T94"]
[Site "Internet Chess Club"]
[Date "2022.10.19"]
[Round "2"]
[White "smsxman"]
[Black "ChessMaine"]
[Result "0-1"]
[WhiteElo "1406"]
[BlackElo "1421"]
[Opening "French defense"]
[ECO "C00"]
[Time "19:00:27"]
[PlyCount "40"]
[TimeControl "2700+45"]

1. e4 e6 2. Nf3 d5 3. exd5 exd5 4. d4 Nf6 5. Be2 Bd6 6. Nc3 O-O 7. Bg5 c6 8. a3
Bg4 9. Bxf6 Qxf6 10. b4 Nd7 11. b5 Rfe8 12. bxc6 bxc6 13. O-O Rab8 14. Qd3 Bf5
15. Qd2 Rb2 16. Bd3 Nb6 17. Qg5 Qxg5 18. Nxg5 Bxd3 19. cxd3 Rc2 20. Na4 Nxa4
{White resigns} 0-1

[Event "Team 45 45 League T94"]
[Site "Internet Chess Club"]
[Date "2022.10.23"]
[Round "2"]
[White "Denis240964"]
[Black "Visin"]
[Result "1-0"]
[WhiteElo "1401"]
[BlackElo "1257"]
[Opening "Giuoco Pianissimo: Italian four knights variation"]
[ECO "C50"]
[Time "09:00:19"]
[PlyCount "68"]
[TimeControl "2700+45"]

1. e4 e5 2. Nf3 Nc6 3. Bc4 Bc5 4. Nc3 Nf6 5. d3 h6 6. Nd5 d6 7. h3 O-O 8. c3 Na5
9. Nxf6+ Qxf6 10. Bb3 Nxb3 11. axb3 a6 12. Qe2 Bd7 13. b4 Bb6 14. Be3 Bxe3 15.
Qxe3 Rfe8 16. Ke2 Qe6 17. g4 Qb3 18. Qd2 c5 19. bxc5 dxc5 20. Nh4 Qb6 21. Nf5
Qg6 22. Rag1 f6 23. h4 Bxf5 24. exf5 Qf7 25. Qe3 Kf8 26. Qxc5+ Qe7 27. Qxe7+
Rxe7 28. g5 b5 29. gxh6 gxh6 30. Rg6 Rd8 31. Rxh6 Kg7 32. Rg6+ Kh7 33. Rxf6 e4
34. d4 Rg7 {Black resigns} 1-0

[Event "Team 45 45 League T94"]
[Site "Internet Chess Club"]
[Date "2022.10.22"]
[Round "2"]
[White "Knightburgler"]
[Black "bardu"]
[Result "0-1"]
[WhiteElo "1131"]
[BlackElo "1214"]
[Opening "Queen's pawn game"]
[ECO "D00"]
[Time "09:00:15"]
[PlyCount "38"]
[TimeControl "2700+45"]

1. d4 Nf6 2. Nc3 d5 3. Bf4 Bf5 4. e3 e6 5. Nb5 Bd6 6. Nxd6+ cxd6 7. Bb5+ Nc6 8.
c4 a6 9. Bxc6+ bxc6 10. Qa4 e5 11. Bg5 Bd7 12. dxe5 dxe5 13. Qa3 Qe7 14. c5 h6
15. Nf3 hxg5 16. O-O-O Ne4 17. Rhf1 Qxc5+ 18. Kb1 Qxa3 19. bxa3 Nc3+ {White
resigns} 0-1

[Event "Team 45 45 League T94"]
[Site "Internet Chess Club"]
[Date "2022.10.20"]
[Round "2"]
[White "tamky70"]
[Black "seattleblues"]
[Result "1/2-1/2"]
[WhiteElo "1235"]
[BlackElo "1252"]
[Opening "Queen's Pawn"]
[ECO "A41"]
[Time "19:30:51"]
[PlyCount "82"]
[TimeControl "2700+45"]

1. d4 d6 2. Nf3 Nf6 3. g3 g6 4. Bg2 Bg7 5. c3 O-O 6. O-O Re8 7. Nbd2 e5 8. dxe5
dxe5 9. e4 Nc6 10. Re1 Bd7 11. Nf1 Qc8 12. Qc2 Bh3 13. Ne3 Bxg2 14. Kxg2 b6 15.
Nd5 Nxd5 16. exd5 Na5 17. Kg1 Qb7 18. c4 Qa6 19. Nd2 Nb7 20. Ne4 Rad8 21. Bg5
Rc8 22. b3 c6 23. Rad1 cxd5 24. Rxd5 h6 25. Nf6+ Bxf6 26. Bxf6 b5 27. Bxe5 Qe6
28. Bc3 Qc6 29. Rxe8+ Rxe8 30. Rxb5 Nd6 31. Rd5 Ne4 32. Bd4 Ng5 33. Kg2 Rd8 34.
Qb2 Rxd5 35. cxd5 Qxd5+ 36. Kf1 Qh1+ 37. Ke2 Qf3+ 38. Kf1 Qh1+ 39. Ke2 Qf3+ 40.
Kf1 Qh1+ 41. Ke2 Qf3+ {Game drawn by repetition} 1/2-1/2